 Dungeon Crawl Stone Soup version 0.29.0-4-gdea44cf6ec (webtiles) character file.

Game seed: 3013904062941691378

114 qw the Chopper (level 4, -6/26 HPs)
             Began as a Tengu Warper on Aug 28, 2022.
             Mangled by an iguana (11 damage)
             ... on level 4 of the Dungeon.
             The game lasted 00:00:11 (1992 turns).

qw the Chopper (Tengu Warper)                       Turns: 1992, Time: 00:00:12

Health: -6/26      AC: 10    Str: 14    XL:     4   Next: 97%
Magic:  8/8        EV:  4    Int: 13    God:
Gold:   50         SH:  5    Dex: 13    Spells: 7/7 levels left

rFire   . . .      SeeInvis .   Y - +0 hand axe
rCold   . . .      Faith    .   (no shield)
rNeg    . . .      Spirit   .   e - +0 plate armour
rPois   .          Reflect  +   (helmet restricted)
rElec   .          Harm     .   (no cloak)
rCorr   .          Rampage  .   (no gloves)
Will    .....                   (boots unavailable)
Stlth   ..........              g - amulet of reflection
HPRegen 0.08/turn               (no ring)
MPRegen 0.11/turn               (no ring)

@: no status effects
A: beak, talons 3
a: no special abilities


You were on level 4 of the Dungeon.
You visited 1 branch of the dungeon, and saw 4 of its levels.

You collected 50 gold pieces.


Innate Abilities, Weirdness & Mutations

You have a beak for a mouth.
You have claws for feet.


   Skills:
 - Level 2.0 Fighting
 + Level 5.1 Axes
 - Level 1.0 Throwing
 - Level 2.0 Armour
 - Level 2.1 Dodging
 - Level 2.0 Spellcasting
 - Level 2.4 Translocations


You had 7 spell levels left.
You didn't know any spells.
Your spell library contained the following spells:

 Spells                   Type           Power      Damage    Failure   Level
 Blink                    Tloc           14%        N/A       100%        2
 Gell's Gravitas          Tloc           7%         N/A       100%        3
 Lesser Beckoning         Tloc           7%         N/A       100%        3
 Teleport Other           Tloc           7%         N/A       100%        3
 Manifold Assault         Tloc           7%         N/A       100%        5

Inventory:

Hand Weapons
 b - a +2 whip of electrocution
 Y - a +0 hand axe (weapon)
Armour
 e - a +0 plate armour (worn)
Jewellery
 g - an amulet of reflection (around neck)
Scrolls
 a - a scroll of identify
Potions
 c - a potion of flight {unknown}
 i - a potion of degeneration {unknown}
 j - a potion of attraction {unknown}

Dungeon Overview and Level Annotations

Branches:
Dungeon (4/15)
 Temple: D:4-7

Altars:
Hepliaklqana
Makhleb


Message History

1981 ||| Stepping ~*~*~tactically~*~*~ (hiding).
You start waiting.
A goblin is nearby!
The goblin unwields a +0 dagger.
The goblin wields a +0 sling.
The goblin shoots a sling bullet.
The sling bullet hits you but does no damage.
An adder comes into view.
The adder hisses angrily.
The goblin unwields a +0 sling.
The goblin wields a +0 dagger.
You block the goblin's attack.
You hit the goblin but do no damage. Your kick misses the goblin.
The goblin hits you but does no damage.
You hit the goblin.
You kill the goblin!
You hit the iguana but do no damage. You claw the iguana.
Your peck misses the iguana.
The iguana is lightly wounded.
You barely miss the adder. The iguana bites you.
The adder bites you but does no damage.
You barely miss the iguana. You claw the iguana. Your peck misses the iguana.
The iguana is heavily wounded.
You hit the adder. You block the adder's attack. The iguana bites you.
The adder bites you but does no damage.
You barely miss the iguana.
The iguana is heavily wounded.
You barely miss the adder. The iguana bites you.
The adder bites you but does no damage. The iguana bites you.
You hit the iguana.
The iguana is severely wounded.
You closely miss the adder. The adder bites you.
The iguana bites you but does no damage.
The adder bites you but does no damage.
You hit the iguana but do no damage. Your kick misses the iguana.
The iguana is severely wounded.
You hit the adder. The adder bites you but does no damage.
The iguana bites you!
You die...

### ####### #.. ....¤¤¤
####.# .~.8¤~. .....#
.~...¤.#####.###.#######
.¤~.¤~.......#..........
.~~.~~.##...##..........
.~¤.~~.l..#.##..........
S~~_~~?@................
.¤~~~~S####.############
..~~~.. ...# #..).
....... ##### #####.##.
..$.... .......<.
###>... ..###...# #...#
#...# ###. .....#
...#.#.#


You could see an iguana, an adder and a ball python.

Vanquished Creatures
  4 gnolls
  2 adders (D:2)
  2 dart slugs (D:2)
  8 ball pythons
  12 bats
  2 endoplasms (D:1)
  2 giant cockroaches (D:2)
  8 goblins
  6 hobgoblins
  A quokka (D:1)
  2 frilled lizards (D:1)
  4 rats
53 creatures vanquished.

Vanquished Creatures (others)
  6 toadstools (D:4)
6 creatures vanquished.

Grand Total: 59 creatures vanquished

Notes
Turn   | Place    | Note
-------+----------+-------------------------------------------
     0 | D:1      | qw the Tengu Warper began the quest for the Orb.
     0 | D:1      | Reached XP level 1. HP: 12/12 MP: 4/4
     0 | D:1      | 0 ||| qw: Version: 0.1-a-89-g26bdef1
     0 | D:1      | 0 ||| qw: Game counter: 2241
     0 | D:1      | 0 ||| qw: Always use a shield: true
     0 | D:1      | 0 ||| qw: God list: Okawaru
     0 | D:1      | 0 ||| qw: Allow faded altars: false
     0 | D:1      | 0 ||| qw: Do Orc after D:15 true
     0 | D:1      | 0 ||| qw: Do second Lair branch before Depths: true
     0 | D:1      | 0 ||| qw: Lair rune preference: random
     0 | D:1      | 0 ||| qw: Plans: Normal
     0 | D:1      | 0 ||| PLANNING D:1-11
    66 | D:1      | 66 ||| Stepping ~*~*~tactically~*~*~ (stealth).
    99 | D:1      | Reached XP level 2. HP: 17/17 MP: 6/6
   127 | D:1      | Reached skill level 3 in Axes
   170 | D:1      | 170 ||| Stepping ~*~*~tactically~*~*~ (stealth).
   175 | D:1      | 175 ||| Stepping ~*~*~tactically~*~*~ (stealth).
   458 | D:1      | Reached XP level 3. HP: 21/21 MP: 7/7
   488 | D:1      | Found a faded altar of an unknown god.
   730 | D:1      | Reached skill level 4 in Axes
   921 | D:1      | 921 ||| UPGRADING to +0 plate armour.
   931 | D:1      | 931 ||| DROPPING +0 leather armour.
   932 | D:1      | 932 ||| UPGRADING to amulet of reflection.
   937 | D:1      | 937 ||| READING 2 scrolls labelled GOFFASI WIGAE.
   938 | D:1      | 938 ||| READING scroll labelled USTIENEM DOESCHIMN.
   942 | D:1      | 942 ||| DROPPING scroll of blinking.
  1060 | D:2      | 1060 ||| DROPPING +0 club.
  1145 | D:2      | Reached XP level 4. HP: 20/26 MP: 8/8
  1498 | D:2      | You fall into a shaft and drop 1 floor!
  1498 | D:3      | Found a hazy altar of Hepliaklqana.
  1498 | D:3      | Found a faded altar of an unknown god.
  1511 | D:4      | 1511 ||| STAIRDANCE
  1565 | D:4      | 1565 ||| STAIRDANCE
  1788 | D:4      | 1788 ||| STAIRDANCE
  1791 | D:3      | Reached skill level 5 in Axes
  1976 | D:4      | Found a burning altar of Makhleb.
  1980 | D:4      | 1980 ||| Stepping ~*~*~tactically~*~*~ (hiding).
  1981 | D:4      | 1981 ||| Stepping ~*~*~tactically~*~*~ (hiding).
  1991 | D:4      | HP: 5/26 [adder (3)]
  1992 | D:4      | Mangled by an iguana

Levels and vault maps discovered:
D:1:      dpeg_arrival_subterranean_lakeside_camping, layout_basic,
          shapermc_ecumenical_altar_pompeii
D:2:      layout_loops_ring
D:3:      layout_loops_ring, nicolae_overflow_ecumenical_swirl
D:4:      layout_basic, mainiacjoe_overflow_catwalk,
          lemuel_mausoleum_altar_kikubaaqudgha, kennysheep_mini,
          minmay_temple_entry_water_ring, minmay_gold_behind_fungi

Skill      XL: |  1  2  3  4 |
---------------+-------------+-----
Axes           | 3 4 5 |  5.1
Armour         | 2 |  2.0
Fighting       | |  2.0
Throwing       | |  1.0
Dodging        | |  2.1
Spellcasting   | |  2.0
Translocations | |  2.4

Action                   |  1- 3 |  4- 6 || total
-------------------------+-------+-------++-------
Melee: Hand axe          |    62 |    36 ||    98
       Kick              |    24 |    12 ||    36
       Peck              |    10 |     5 ||    15
Throw: Boomerang         |     7 |       ||     7
  Use: Scroll            |     2 |       ||     2
Armor: Leather armour    |    14 |       ||    14
       Plate armour      |    13 |    24 ||    37
Dodge: Dodged            |    16 |     6 ||    22
Block: Other             |     4 |     7 ||    11

Table legend:
 A = Non-vault XP
 B = Vault XP
 C = Vault XP percentage of total XP
 D = Non-vault monster count
 E = Vault monster count
 F = Vault count percentage of total count
                 A         B        C        D         E       F
            +---------+---------+-------+---------+---------+-------
      Total |     154 |       9 |   5.5 |      47 |       6 |  11.3
            +---------+---------+-------+---------+---------+-------
        D:1 |      43 |       9 |  17.3 |      27 |       6 |  18.2
        D:2 |      47 |       0 |   0.0 |      13 |       0 |   0.0
        D:3 |      48 |       0 |   0.0 |       5 |       0 |   0.0
        D:4 |      16 |       0 |   0.0 |       2 |       0 |   0.0
            +---------+---------+-------+---------+---------+-------
